 Dungeon Crawl Stone Soup version 0.31-a0-161-gb58dd9be76 (webtiles) character file.

Game seed: 4986109766289660060

446 Demosthentine the Poker (level 6, -4/47 HPs)
             Began as a Demonspawn Gladiator on June 13, 2023.
             Slain by a gnoll
             ... wielding a +0 spear
              (5 damage)
             ... on level 5 of the Dungeon.
             The game lasted 00:03:34 (4105 turns).

Demosthentine the Poker (Demonspawn Gladiator)      Turns: 4105, Time: 00:03:34

Health: -4/47      AC:  5    Str: 16    XL:     6   Next: 73%
Magic:  6/6        EV: 13    Int: 10    God:
Gold:   214        SH:  0    Dex: 14    Spells: 5/5 levels left

rFire   . . .        a - +0 trident
rCold   . . .        (no shield)
rNeg    . . .        b - +0 leather armour
rPois   .            c - +0 helmet
rElec   .            (no cloak)
rCorr   .            p - +0 pair of gloves
SInv    .            (no boots)
Will    .....        q - amulet of magic regeneration
Stlth   +            (no ring)
HPRegen 0.27/turn    (no ring)
MPRegen 0.50/turn

%: no passive effects
@: no status effects
A: powered by pain 3
a: no special abilities


You were on level 5 of the Dungeon.
You visited 2 branches of the dungeon, and saw 6 of its levels.

You collected 214 gold pieces.

Inventory:

Hand Weapons
 a - a +0 trident (weapon)
Missiles
 d - 3 throwing nets (quivered)
 e - a javelin
 i - 3 poisoned darts
Armour
 b - a +0 leather armour (worn)
 c - a +0 helmet (worn)
 n - a +0 buckler
 p - a +0 pair of gloves (worn)
Jewellery
 q - an amulet of magic regeneration (around neck)
Scrolls
 f - a scroll of identify
 j - 2 scrolls of teleportation {unknown}
Potions
 g - a potion of lignification
 h - a potion of might {unknown}
 k - a potion of invisibility {unknown}
 m - a potion of heal wounds {unknown}
 o - a potion of magic {unknown}
 r - 2 potions of brilliance {unknown}


   Skills:
 + Level 3.6 Fighting
 + Level 4.0 Polearms
 - Level 1.7 Throwing
 + Level 2.6 Armour
 + Level 3.9 Dodging
 + Level 2.3 Shields


You had 5 spell levels left.
You didn't know any spells.
Your spell library contained the following spells:

 Spells                   Type           Power      Damage    Failure   Level
 Apportation              Tloc           0%         N/A       41%         1
 Magic Dart               Conj           0%         1d3       41%         1
 Necrotise                Necr           0%         1d4       41%         1
 Slow                     Hex            0%         N/A       41%         1
 Summon Small Mammal      Summ           0%         N/A       41%         1
 Call Imp                 Summ           0%         N/A       56%         2
 Mephitic Cloud           Conj/Pois/Air  0%         N/A       80%         3
 Tukima's Dance           Hex            0%         N/A       80%         3
 Passage of Golubria      Tloc           0%         N/A       99%         4
 Yara's Violent Unravell  Hex/Tmut       0%         3d3       100%        5


Dungeon Overview and Level Annotations

Branches:
Dungeon (5/15)             Temple (1/1) D:5

Altars:
Ashenzari
Fedhas
Gozag
Kikubaaqudgha
Makhleb
Okawaru
Qazlal
Ru
Sif Muna
Trog
Uskayaw
Wu Jian
Yredelemnul

Shops:
D:5 =


Innate Abilities, Weirdness & Mutations

You are powered by pain.


Message History

The centaur kicks you but does no damage.
The centaur barely misses you. x2
You hit the centaur but do no damage.
The centaur is heavily wounded.
The gnoll barely misses you. The centaur barely misses you. x2
You hit the centaur.
The centaur is heavily wounded.
The centaur hits you. The centaur kicks you.
A hound comes into view.
The gnoll hits you but does no damage.
The centaur hits you but does no damage.
The centaur barely misses you. The gnoll hits you but does no damage.
You feel better.
The hound barks!
The centaur closely misses you. The centaur kicks you. The centaur hits you.
The centaur misses you. The gnoll barely misses you. x2
You barely miss the centaur.
The centaur is heavily wounded.
The centaur barely misses you.
The centaur kicks you but does no damage.
The gnoll hits you from afar with a +0 spear. x2
You hit the centaur.
The centaur is heavily wounded.
The centaur completely misses you.
The centaur kicks you but does no damage.
The centaur hits you.
* * * LOW HITPOINT WARNING * * *
The centaur kicks you but does no damage.
The gnoll hits you but does no damage.
The gnoll hits you from afar with a +0 spear.
* * * LOW HITPOINT WARNING * * *
The gnoll hits you with a +0 whip.
* * * LOW HITPOINT WARNING * * *
You barely miss the centaur.
The centaur is heavily wounded.
The centaur hits you but does no damage.
The centaur kicks you but does no damage.
The hound bites you but does no damage. The gnoll misses you.
The gnoll hits you from afar with a +0 spear.
You die...

########..###....#..
.... #...####.....
.... #.#..###..# .
.... #.##...#..# .#
...###....##...
.....#....[...#.
................
.................
........@g......
.......#chgg....
.........?g.....
.....#..........
....#.......... ...
........... ..
..#.........
.............


You could see a centaur, a hound and 4 gnolls.

Vanquished Creatures
  A phantom (D:5)
  3 hounds (D:4)
  An orc priest (D:3)
  A sleepcap (D:5)
  Jessica (D:2)
  An iguana (D:4)
  A gnoll (D:3)
  5 adders
  2 shadow imps (D:4)
  4 white imps
  A worm (D:3)
  A dart slug (D:2)
  6 orcs
  2 ball pythons
  4 bats
  7 endoplasms
  2 giant cockroaches
  7 goblins
  6 hobgoblins
  3 jackals (D:4)
  A kobold (D:1)
  4 quokkas
  2 frilled lizards (D:2)
  4 rats
70 creatures vanquished.

Notes
Turn   | Place    | Note
-------+----------+-------------------------------------------
     0 | D:1      | Demosthentine the Demonspawn Gladiator began the quest for
                  | the Orb.
     0 | D:1      | Reached XP level 1. HP: 16/16 MP: 1/1
   261 | D:1      | Gained mutation: You sometimes gain a little power by
                  | taking damage. [demonic ancestry]
   261 | D:1      | Reached XP level 2. HP: 22/22 MP: 2/2
   916 | D:2      | Noticed Jessica
   923 | D:2      | Reached skill level 3 in Polearms
   929 | D:2      | Killed Jessica
   930 | D:2      | Reached skill level 1 in Armour
   930 | D:2      | Gained mutation: You sometimes gain power by taking damage.
                  | [demonic ancestry]
   930 | D:2      | Reached XP level 3. HP: 15/28 MP: 3/3
  1210 | D:2      | Found a shimmering blue altar of Sif Muna.
  1697 | D:3      | Reached XP level 4. HP: 31/34 MP: 4/4
  1928 | D:3      | Found a shimmering blue altar of Sif Muna.
  1934 | D:3      | Reached skill level 1 in Shields
  1996 | D:3      | Got Sif Muna's Folio of the Whammy
  2001 | D:3      | Found a bloodstained altar of Trog.
  2629 | D:3      | Reached XP level 5. HP: 6/40 MP: 5/5
  3104 | D:4      | Gained mutation: You are powered by pain. [demonic
                  | ancestry]
  3104 | D:4      | Reached XP level 6. HP: 38/47 MP: 6/6
  3834 | D:5      | Entered Level 5 of the Dungeon
  3835 | D:5      | Found a staircase to the Ecumenical Temple.
  3857 | Temple   | Entered the Ecumenical Temple
  3982 | D:5      | Found Afoufi's Jewellery Shop.
  3988 | D:5      | Found a broken altar of Ashenzari.
  3995 | D:5      | Reached skill level 4 in Polearms
  4104 | D:5      | HP: 1/47 [gnoll/+0 whip (5)]
  4105 | D:5      | Slain by a gnoll

Illustrated notes

Levels and vault maps discovered:
D:1:      psy_arrival_basics, layout_basic, serial_corexii_hall,
          chequers_hall_statues_wall_a, corexii_hall_statues_deadend,
          chequers_hall_statues_y, corexii_hall_statues_i
D:2:      minmay_alternating_diamond, layout_basic, basic_altar, uniq_jessica
D:3:      layout_loops_corners, nzn_overflow_gifts_of_might_and_magic
D:4:      layout_loops_ring, serial_demonic, serial_demonic_g, serial_demonic_g,
          serial_demonic_a, serial_demonic_f
D:5:      layout_rooms, old_standard_altar, minmay_temple_entry_sparse_star,
          serial_shops, shop_fountains, minmay_small_thing
Temple:   hellmonk_temple_forest_ring

Skill      XL: |  1  2  3  4  5  6 |
---------------+-------------------+-----
Polearms       | 3 4 |  4.0
Armour         | 1 2 |  2.6
Dodging        | 3 |  3.9
Shields        | 1 2 |  2.3
Fighting       | 3 |  3.6
Throwing       | |  1.7

Action                     |  1- 3 |  4- 6 || total
---------------------------+-------+-------++-------
  Melee: Trident           |   101 |   207 ||   308
         Punch             |     2 |     3 ||     5
    Use: Scroll            |     6 |     2 ||     8
         Potion            |       |     5 ||     5
   Stab: Sleeping          |     1 |     2 ||     3
 Armour: Leather armour    |    23 |    49 ||    72
         Skin              |       |    27 ||    27
  Dodge: Dodged            |    53 |   115 ||   168

Table legend: (Time is in decaauts)
 A = Elapsed time spent in this place.
 B = Non-inter-level travel time spent in this place.
 C = Inter-level travel time spent in this place.
 D = Time resting spent in this place.
 E = Time spent auto-exploring this place.
 F = Levels seen in this place.
 G = Mean time per level.
                   A        B        C        D        E       F      G
               +--------+--------+--------+--------+--------+-----+--------+
         Total |   4145 |   3978 |    167 |    103 |   3222 |   6 |  690.8 |
       Dungeon |   4048 |   3881 |    167 |    103 |   3140 |   5 |  809.6 |
        Temple |     96 |     96 |      0 |      0 |     82 |   1 |   96.0 |
               +--------+--------+--------+--------+--------+-----+--------+

Top non-repeatable levels by time:
     D:4: 1142 daAuts
     D:3: 1056 daAuts
     D:2: 868 daAuts
     D:1: 804 daAuts
     D:5: 176 daAuts
  Temple: 96 daAuts
